[Event "Deloitte NED-ch 2019"]
[Site "Amsterdam"]
[Date "2019.07.01"]
[Round "1.1"]
[White "L'Ami, Erwin"]
[Black "Sokolov, Ivan"]
[Result "1/2-1/2"]
[ECO "C77"]
[WhiteElo "2633"]
[BlackElo "2584"]
[Annotator "ChessBase"]
[PlyCount "82"]
[EventDate "2019.07.01"]
[EventType "tourn"]
[EventCountry "NED"]
[SourceTitle "playchess.com"]
[Source "ChessBase"]
[SourceQuality "1"]
[TimeControl "40/5400+30:1800+30"]

1. e4 e5 2. Nf3 Nc6 3. Bb5 a6 4. Ba4 Nf6 5. O-O Be7 6. d3 d6 7. c3 O-O 8. Nbd2 Nd7 9. Bc2 Nb6 10. a4 a5 11. Nc4 Nxc4 12. dxc4 Kh8 13. Re1 Be6 14. b3 Qd7 15. Ng5 Bxg5 16. Bxg5 b6 17. Qd2 f6 18. Be3 Qf7 19. f3 Ne7 20. Qf2 g5 21. Kf1 Rg8 22. g4 h5 23. h3 Rg7 24. Ke2 Rh7 25. Kd2 Ng6 26. Bd3 Kg7 27. Qe2 Rah8 28. Rf1 hxg4 29. hxg4 Rh3 30. Rf2 Qe7 31. Kc2 Bd7 32. Raf1 Nf4 33. Bxf4 exf4 34. Qd2 Qe5 35. Be2 Qc5 36. Kb2 Kf7 37. Qd4 Ke6 38. Qd5+ Ke7 39. Qd4 Rg3 40. Bd1 Rhh3 41. Rd2 Rh8 1/2-1/2

[Event "Deloitte NED-ch 2019"]
[Site "Amsterdam"]
[Date "2019.07.01"]
[Round "1.2"]
[White "Bok, Benjamin"]
[Black "Tiviakov, Sergei"]
[Result "1-0"]
[ECO "E39"]
[WhiteElo "2645"]
[BlackElo "2608"]
[Annotator "ChessBase"]
[PlyCount "67"]
[EventDate "2019.07.01"]
[EventType "tourn"]
[EventCountry "NED"]
[SourceTitle "playchess.com"]
[Source "ChessBase"]
[SourceQuality "1"]
[TimeControl "40/5400+30:1800+30"]

1. d4 Nf6 2. c4 e6 3. Nc3 Bb4 4. Qc2 c5 5. dxc5 O-O 6. a3 Bxc5 7. Nf3 b6 8. Bf4 Bb7 9. Rd1 Nc6 10. e3 Rc8 11. Be2 Be7 12. O-O Na5 13. Nb5 Bxf3 14. gxf3 Nh5 15. Bd6 Nc6 16. f4 Nf6 17. Bf3 a6 18. Bxe7 Qxe7 19. Nd6 Rc7 20. Qa4 Ra8 21. b4 Ne8 22. Nxe8 Qxe8 23. Rd6 e5 24. Rfd1 exf4 25. exf4 g6 26. Qb3 b5 27. cxb5 axb5 28. f5 Kf8 29. fxg6 hxg6 30. Qb2 Kg8 31. Bd5 Ne5 32. Bxa8 Nc4 33. Qf6 Nxd6 34. Qxd6 1-0

[Event "Deloitte NED-ch 2019"]
[Site "Amsterdam"]
[Date "2019.07.01"]
[Round "1.4"]
[White "Van Foreest, Jorden"]
[Black "Van Foreest, Lucas"]
[Result "1/2-1/2"]
[ECO "D38"]
[WhiteElo "2612"]
[BlackElo "2521"]
[Annotator "ChessBase"]
[PlyCount "130"]
[EventDate "2019.07.01"]
[EventType "tourn"]
[EventCountry "NED"]
[SourceTitle "playchess.com"]
[Source "ChessBase"]
[SourceQuality "1"]
[TimeControl "40/5400+30:1800+30"]

1. d4 Nf6 2. c4 e6 3. Nf3 d5 4. Nc3 Bb4 5. cxd5 exd5 6. Bf4 O-O 7. e3 c5 8. dxc5 Qa5 9. Nd2 Bxc3 10. bxc3 Qxc5 11. Rc1 b6 12. Qa4 Bb7 13. Be2 Nbd7 14. O-O Qe7 15. Rfd1 Rfc8 16. h3 h6 17. Bf1 Nc5 18. Qa3 Nfe4 19. c4 Nxf2 20. Re1 Nfe4 21. Nxe4 Qxe4 22. Red1 Rd8 23. Rd4 Qg6 24. cxd5 Rxd5 25. Rcd1 Rxd4 26. exd4 Ne6 27. Be5 Qe4 28. Qg3 Qd5 29. Bd3 Rf8 30. Bc2 f6 31. Bb3 Qd7 32. Bd6 Rd8 33. Bc7 Re8 34. Qd6 Bc8 35. Re1 Kh8 36. Bb8 Qxd6 37. Bxd6 Bd7 38. d5 Nd4 39. Rxe8+ Bxe8 40. Bd1 Bf7 41. Bb8 Bxd5 42. Bxa7 Bxa2 43. Bxb6 Nc6 44. Bf3 Ne5 45. Kf2 Kg8 46. Bd4 Kf7 47. Bc3 Bb3 48. Ke3 Ke6 49. Be2 Bd5 50. Kf2 Be4 51. Bb4 Ng6 52. Bd2 Nh4 53. Bf1 Kd5 54. Bb4 Ng6 55. Ke3 Nh4 56. Kf2 Ke6 57. Bc4+ Bd5 58. Bxd5+ Kxd5 59. Bf8 g5 60. Bxh6 Ng6 61. Kg3 Ke6 62. Kg4 Nf4 63. Bxg5 fxg5 64. Kxg5 Nxg2 65. h4 Nxh4 1/2-1/2

[Event "Deloitte NED-ch 2019"]
[Site "Amsterdam"]
[Date "2019.07.01"]
[Round "1.7"]
[White "Van den Doel, Erik"]
[Black "Werle, Jan"]
[Result "1/2-1/2"]
[ECO "D03"]
[WhiteElo "2605"]
[BlackElo "2555"]
[Annotator "ChessBase"]
[PlyCount "81"]
[EventDate "2019.07.01"]
[EventType "tourn"]
[EventCountry "NED"]
[SourceTitle "playchess.com"]
[Source "ChessBase"]
[SourceQuality "1"]
[TimeControl "40/5400+30:1800+30"]

1. d4 Nf6 2. Nf3 e6 3. Bg5 d5 4. Nbd2 Be7 5. e3 h6 6. Bh4 Nbd7 7. c4 O-O 8. Rc1 c6 9. Bd3 b6 10. O-O Bb7 11. Qe2 c5 12. cxd5 exd5 13. dxc5 bxc5 14. e4 Re8 15. exd5 Nxd5 16. Qe4 g6 17. Bxe7 Rxe7 18. Qh4 Qf8 19. Rfe1 Rae8 20. Bb5 Rxe1+ 21. Rxe1 Rxe1+ 22. Nxe1 N7b6 23. Qe4 Ba8 24. Qe5 Qg7 25. Qb8+ Kh7 26. Qxa7 Qxb2 27. Qxf7+ Qg7 28. Qe6 Qc7 29. Ne4 c4 30. Nc2 Qb7 31. f3 Qa7 32. Nd4 Qg7 33. Nc2 Qb2 34. Qf7+ Kh8 35. Qf8+ Kh7 36. Qf7+ Kh8 37. Ne1 Qxb5 38. Qf8+ Kh7 39. Qf7+ Kh8 40. Qf8+ Kh7 41. Qf7+ 1/2-1/2

[Event "Deloitte NED-ch 2019"]
[Site "Amsterdam"]
[Date "2019.07.03"]
[Round "3.1"]
[White "Van Foreest, Jorden"]
[Black "Sokolov, Ivan"]
[Result "1-0"]
[ECO "C84"]
[WhiteElo "2612"]
[BlackElo "2584"]
[Annotator "ChessBase"]
[PlyCount "79"]
[EventDate "2019.07.01"]
[EventType "tourn"]
[EventCountry "NED"]
[SourceTitle "playchess.com"]
[Source "ChessBase"]
[SourceQuality "1"]
[TimeControl "40/5400+30:1800+30"]

1. e4 e5 2. Nf3 Nc6 3. Bb5 a6 4. Ba4 Nf6 5. O-O Be7 6. d3 d6 7. c3 O-O 8. Re1 b5 9. Bc2 d5 10. Nbd2 dxe4 11. dxe4 Bd6 12. Nf1 Ne7 13. a4 Rb8 14. Ng3 h6 15. b4 Be6 16. h3 Qc8 17. Nh4 Kh8 18. Qf3 Nh7 19. Nhf5 Ng8 20. Nxg7 Kxg7 21. Nh5+ Kg6 22. Qg3+ Ng5 23. f4 exf4 24. Nxf4+ Kh7 25. e5+ Bf5 26. Qf2 Be7 27. e6 fxe6 28. h4 Kh8 29. hxg5 Bxg5 30. c4 Bxc2 31. Bb2+ e5 32. Rxe5 Nf6 33. Nd5 Bg6 34. Rxg5 hxg5 35. Nxf6 Qf5 36. Nd7+ Kh7 37. Qd4 Qf7 38. Nxb8 Rxb8 39. Ra3 Bh5 40. Rh3 1-0

[Event "Deloitte NED-ch 2019"]
[Site "Amsterdam"]
[Date "2019.07.03"]
[Round "3.2"]
[White "Van den Doel, Erik"]
[Black "Bok, Benjamin"]
[Result "1/2-1/2"]
[ECO "D36"]
[WhiteElo "2605"]
[BlackElo "2645"]
[Annotator "ChessBase"]
[PlyCount "40"]
[EventDate "2019.07.01"]
[EventType "tourn"]
[EventCountry "NED"]
[SourceTitle "playchess.com"]
[Source "ChessBase"]
[SourceQuality "1"]
[TimeControl "40/5400+30:1800+30"]

1. d4 Nf6 2. Nf3 d5 3. c4 e6 4. Nc3 c6 5. cxd5 exd5 6. Qc2 g6 7. Bg5 Be7 8. e4 dxe4 9. Bxf6 Bxf6 10. Qxe4+ Kf8 11. Bc4 Nd7 12. O-O Nb6 13. Bb3 Kg7 14. Qf4 Re8 15. Rfe1 Rxe1+ 16. Rxe1 Nd5 17. Bxd5 cxd5 18. Nb5 Bd7 19. Nd6 Be6 20. Nxb7 Qb8 1/2-1/2

[Event "Deloitte NED-ch 2019"]
[Site "Amsterdam"]
[Date "2019.07.03"]
[Round "3.7"]
[White "Van Foreest, Lucas"]
[Black "Werle, Jan"]
[Result "1-0"]
[ECO "E02"]
[WhiteElo "2521"]
[BlackElo "2555"]
[Annotator "ChessBase"]
[PlyCount "73"]
[EventDate "2019.07.01"]
[EventType "tourn"]
[EventCountry "NED"]
[SourceTitle "playchess.com"]
[Source "ChessBase"]
[SourceQuality "1"]
[TimeControl "40/5400+30:1800+30"]

1. Nf3 Nf6 2. c4 e6 3. g3 d5 4. Bg2 dxc4 5. Qa4+ Nbd7 6. Qxc4 a6 7. Qc2 c5 8. O-O Be7 9. d4 O-O 10. Rd1 Qb6 11. Nc3 Qa7 12. e4 cxd4 13. Nxd4 Ng4 14. h3 Bc5 15. hxg4 Bxd4 16. Qd2 e5 17. Nd5 Nc5 18. Qe2 Bd7 19. g5 Rad8 20. Rxd4 exd4 21. Qh5 Kh8 22. Bf4 Nd3 23. Bc7 Be6 24. Bb6 Qb8 25. Bxd4 Bxd5 26. exd5 Rde8 27. Rd1 Ne5 28. Be4 Ng6 29. Bf3 Ne5 30. Kg2 Qd6 31. Be4 h6 32. Rh1 Kg8 33. f4 Nc6 34. gxh6 Qxh6 35. Bh7+ Kh8 36. Qxh6 Re2+ 37. Kf1 1-0

[Event "Deloitte NED-ch 2019"]
[Site "Amsterdam"]
[Date "2019.07.04"]
[Round "4.1"]
[White "L'Ami, Erwin"]
[Black "Van den Doel, Erik"]
[Result "1/2-1/2"]
[ECO "D20"]
[WhiteElo "2633"]
[BlackElo "2605"]
[Annotator "RC"]
[PlyCount "116"]
[EventDate "2019.07.01"]
[EventType "tourn"]
[EventCountry "NED"]
[SourceTitle "playchess.com"]
[Source "ChessBase"]
[SourceQuality "1"]
[TimeControl "40/5400+30:1800+30"]

1. d4 d5 2. c4 dxc4 3. e4 Nf6 4. e5 Nd5 5. Bxc4 Nb6 6. Bd3 Nc6 7. Be3 Nb4 8. Be4 N4d5 9. Nc3 Be6 10. Nf3 Qd7 11. Ng5 Bg4 12. Bxd5 Nxd5 13. Qb3 c6 14. h3 Bf5 15. Nxd5 cxd5 16. g4 h6 17. Nxf7 Kxf7 18. gxf5 Qxf5 19. Qxd5+ e6 20. Qxb7+ Be7 21. Rg1 g5 22. Rg3 Rab8 23. Qf3 Rxb2 24. Rc1 Rhb8 25. Kf1 Qxf3 26. Rxf3+ Ke8 27. d5 Rxa2 28. Rc6 Rb1+ 29. Kg2 Raa1 30. Rf6 Bxf6 31. Rxe6+ Be7 32. d6 Rb7 33. Rxh6 Bf8 34. Rh8 Kf7 35. e6+ Kxe6 36. Rxf8 Kxd6 37. Bxg5 a5 38. Ra8 a4 39. h4 Rb4 40. Bf6 Ra3 41. f3 Rf4 42. Ra6+ Kd5 43. Be7 Rb3 44. Bg5 Rfxf3 45. Rxa4 Rfc3 46. Rf4 Ke5 47. Rf8 Rg3+ 48. Kf2 Rh3 49. Kg2 Rhd3 50. Rf7 Rd1 51. Rf2 Rbb1 52. Rf6 Rg1+ 53. Kh2 Rh1+ 54. Kg2 Rbg1+ 55. Kf2 Rg4 56. Ra6 Rb4 57. Kg2 Rbb1 58. Rf6 Rhg1+ 1/2-1/2

[Event "Deloitte NED-ch 2019"]
[Site "Amsterdam"]
[Date "2019.07.04"]
[Round "4.2"]
[White "Bok, Benjamin"]
[Black "Van Foreest, Jorden"]
[Result "1/2-1/2"]
[ECO "A15"]
[WhiteElo "2645"]
[BlackElo "2612"]
[Annotator "RC"]
[PlyCount "38"]
[EventDate "2019.07.01"]
[EventType "tourn"]
[EventCountry "NED"]
[SourceTitle "playchess.com"]
[Source "ChessBase"]
[SourceQuality "1"]
[TimeControl "40/5400+30:1800+30"]

1. Nf3 Nf6 2. c4 g6 3. b3 Bg7 4. Bb2 O-O 5. g3 d6 6. Bg2 e5 7. d3 Nc6 8. O-O Nh5 9. Nc3 f5 10. e3 Nf6 11. a3 a5 12. Rb1 h6 13. Ba1 g5 14. b4 axb4 15. axb4 Ne7 16. c5 Ng6 17. Qb3+ Kh7 18. cxd6 cxd6 19. Rfc1 g4 1/2-1/2

[Event "Deloitte NED-ch 2019"]
[Site "Amsterdam"]
[Date "2019.07.04"]
[Round "4.4"]
[White "Sokolov, Ivan"]
[Black "Van Foreest, Lucas"]
[Result "0-1"]
[ECO "D39"]
[WhiteElo "2584"]
[BlackElo "2521"]
[Annotator "ChessBase"]
[PlyCount "62"]
[EventDate "2019.07.01"]
[EventType "tourn"]
[EventCountry "NED"]
[SourceTitle "playchess.com"]
[Source "ChessBase"]
[SourceQuality "1"]
[TimeControl "40/5400+30:1800+30"]

1. d4 Nf6 2. c4 e6 3. Nf3 d5 4. Nc3 dxc4 5. e4 Bb4 6. Bg5 h6 7. Bxf6 Qxf6 8. Bxc4 c5 9. e5 Qd8 10. O-O O-O 11. Ne4 cxd4 12. Qe2 Be7 13. Rfd1 Qa5 14. a3 Rd8 15. b4 Qb6 16. g4 Nd7 17. Rac1 Qc7 18. Bxe6 Qb6 19. Bf5 Nf8 20. Bxc8 Raxc8 21. Rxc8 Rxc8 22. Nxd4 Ng6 23. Ng3 Rd8 24. Ngf5 Bg5 25. Qe4 Bf4 26. h4 Bxe5 27. h5 Re8 28. Kh1 Nf4 29. Re1 Qa6 30. Qf3 Qd3 31. Rxe5 Rxe5 0-1

[Event "Deloitte NED-ch 2019"]
[Site "Amsterdam"]
[Date "2019.07.04"]
[Round "4.7"]
[White "Tiviakov, Sergei"]
[Black "Werle, Jan"]
[Result "1/2-1/2"]
[ECO "C07"]
[WhiteElo "2608"]
[BlackElo "2555"]
[Annotator "RC"]
[PlyCount "31"]
[EventDate "2019.07.01"]
[EventType "tourn"]
[EventCountry "NED"]
[SourceTitle "playchess.com"]
[Source "ChessBase"]
[SourceQuality "1"]
[TimeControl "40/5400+30:1800+30"]

1. e4 e6 2. d4 d5 3. Nd2 c5 4. exd5 Qxd5 5. dxc5 Nf6 6. Ngf3 Qxc5 7. Bd3 Nbd7 8. O-O Qc7 9. Qe2 Nc5 10. Bc4 Be7 11. b3 O-O 12. Bb2 b6 13. a4 Bb7 14. Be5 Bd6 15. a5 Rad8 16. axb6 1/2-1/2

[Event "Deloitte NED-ch 2019"]
[Site "Amsterdam"]
[Date "2019.07.05"]
[Round "5.1"]
[White "Van Foreest, Lucas"]
[Black "Bok, Benjamin"]
[Result "1-0"]
[ECO "B94"]
[WhiteElo "2521"]
[BlackElo "2645"]
[Annotator "RC"]
[PlyCount "141"]
[EventDate "2019.07.01"]
[EventType "tourn"]
[EventCountry "NED"]
[SourceTitle "playchess.com"]
[Source "ChessBase"]
[SourceQuality "1"]
[TimeControl "40/5400+30:1800+30"]

1. e4 c5 2. Nf3 d6 3. d4 cxd4 4. Nxd4 Nf6 5. Nc3 a6 6. Bg5 Nbd7 7. Bc4 Qb6 8. Bb3 e6 9. Bxf6 Nxf6 10. Qd2 g6 11. O-O-O Bd7 12. f4 Bh6 13. Kb1 O-O-O 14. Rhf1 Kb8 15. Qe1 Bg7 16. h3 Rhf8 17. f5 gxf5 18. exf5 e5 19. Nde2 Bc6 20. g4 h6 21. Qg3 Bh8 22. h4 h5 23. g5 Ng4 24. Nd5 Bxd5 25. Bxd5 Ne3 26. f6 Rc8 27. Bb3 a5 28. Rxd6 Qxd6 29. Qxe3 a4 30. Bxa4 Rc4 31. Nc3 Rd8 32. a3 Qd4 33. Qg3 Rxc3 34. Qxc3 Qxa4 35. Qxe5+ Ka7 36. Qc7 Qd7 37. Qxd7 Rxd7 38. Re1 Rd6 39. b4 Bxf6 40. gxf6 Rxf6 41. Re5 Rf1+ 42. Kb2 f5 43. c4 Rf4 44. c5 Rxh4 45. Rxf5 Rh1 46. Rf7 Ka6 47. Kb3 h4 48. Ka4 b5+ 49. cxb6 h3 50. b7 Ka7 51. Rh7 h2 52. Kb5 Ra1 53. Rxh2 Rxa3 54. b8=B+ Kxb8 55. Kb6 Kc8 56. Rh8+ Kd7 57. b5 Rb3 58. Rb8 Rb1 59. Ka7 Rb2 60. b6 Rb1 61. Rh8 Ra1+ 62. Kb7 Rb1 63. Rh2 Ra1 64. Rd2+ Ke6 65. Kb8 Ke7 66. b7 Ke6 67. Rd4 Ke7 68. Kc7 Rc1+ 69. Kb6 Rb1+ 70. Kc6 Rb2 71. Rd5 1-0

[Event "Deloitte NED-ch 2019"]
[Site "Amsterdam"]
[Date "2019.07.05"]
[Round "5.7"]
[White "Werle, Jan"]
[Black "Sokolov, Ivan"]
[Result "0-1"]
[ECO "D34"]
[WhiteElo "2555"]
[BlackElo "2584"]
[Annotator "ChessBase"]
[PlyCount "84"]
[EventDate "2019.07.01"]
[EventType "tourn"]
[EventCountry "NED"]
[SourceTitle "playchess.com"]
[Source "ChessBase"]
[SourceQuality "1"]
[TimeControl "40/5400+30:1800+30"]

1. Nf3 d5 2. c4 e6 3. g3 Nf6 4. Bg2 Be7 5. O-O O-O 6. b3 c5 7. cxd5 exd5 8. d4 Nc6 9. Bb2 Ne4 10. Nc3 Bf6 11. e3 Bg4 12. h3 Bxf3 13. Bxf3 cxd4 14. Nxe4 dxe4 15. Bxe4 dxe3 16. Qxd8 exf2+ 17. Rxf2 Bxd8 18. Kg2 Bb6 19. Rd2 Rfe8 20. Bd5 Rad8 21. Bc3 Bd4 22. Bxd4 Rxd5 23. Rad1 f6 24. Bf2 Rxd2 25. Rxd2 Re7 26. b4 a6 27. Bc5 Rc7 28. a4 Ne5 29. Rd8+ Kf7 30. g4 Rd7 31. Rc8 Ke6 32. Rh8 Nd3 33. Rxh7 Nxc5 34. bxc5 Kd5 35. Rh5+ Kc4 36. h4 Kb4 37. a5 Rc7 38. Rh7 Kxc5 39. h5 Kb5 40. Kf3 Kxa5 41. Ke4 b5 42. Kf5 b4 0-1

[Event "Deloitte NED-ch 2019"]
[Site "Amsterdam"]
[Date "2019.07.06"]
[Round "6.2"]
[White "Van den Doel, Erik"]
[Black "Van Foreest, Jorden"]
[Result "1/2-1/2"]
[ECO "D02"]
[WhiteElo "2605"]
[BlackElo "2612"]
[Annotator "RC"]
[PlyCount "112"]
[EventDate "2019.07.01"]
[EventType "tourn"]
[EventCountry "NED"]
[SourceTitle "playchess.com"]
[Source "ChessBase"]
[SourceQuality "1"]
[TimeControl "40/5400+30:1800+30"]

1. d4 Nf6 2. Nf3 g6 3. Nbd2 d5 4. e3 Bg7 5. b4 Nbd7 6. Bb2 a5 7. b5 a4 8. Ba3 O-O 9. Be2 Re8 10. O-O e5 11. c4 Ne4 12. Rc1 Nxd2 13. Qxd2 dxc4 14. dxe5 Nxe5 15. Qxd8 Nxf3+ 16. Bxf3 Rxd8 17. Rxc4 Rd2 18. Rxc7 Rxa2 19. Rfc1 Rxa3 20. Rxc8+ Rxc8 21. Rxc8+ Bf8 22. g3 Rb3 23. Ra8 a3 24. Bxb7 Rxb5 25. Bc6 Rc5 26. Bf3 Kg7 27. Kg2 Rc2 28. Bd5 Rd2 29. Bc4 Rd7 30. Kf3 h5 31. h4 Bc5 32. Ra5 Rc7 33. Bd5 Kf6 34. Ke4 Ke7 35. Kd3 Kd6 36. Ra6+ Ke7 37. Ra5 Bb4 38. Ra4 Rd7 39. e4 Bc5 40. Ke2 Rc7 41. f4 Bd6 42. e5 Bc5 43. Kf3 Rd7 44. Ke4 f5+ 45. exf6+ Kxf6 46. Ra6+ Kg7 47. Ra5 Re7+ 48. Kd3 Bf2 49. Be4 Bxg3 50. Rxa3 Bxh4 51. Rb3 Rd7+ 52. Ke3 Rd6 53. Rb7+ Kh6 54. Rc7 Bd8 55. Rc6 Rxc6 56. Bxc6 g5 1/2-1/2

[Event "Deloitte NED-ch 2019"]
[Site "Amsterdam"]
[Date "2019.07.06"]
[Round "6.7"]
[White "Tiviakov, Sergei"]
[Black "Sokolov, Ivan"]
[Result "1/2-1/2"]
[ECO "C77"]
[WhiteElo "2608"]
[BlackElo "2584"]
[Annotator "RC"]
[PlyCount "86"]
[EventDate "2019.07.01"]
[EventType "tourn"]
[EventCountry "NED"]
[SourceTitle "playchess.com"]
[Source "ChessBase"]
[SourceQuality "1"]
[TimeControl "40/5400+30:1800+30"]

1. e4 e5 2. Nf3 Nc6 3. Bb5 a6 4. Ba4 Nf6 5. d3 d6 6. c3 Be7 7. Nbd2 O-O 8. O-O Nd7 9. Bc2 Nb6 10. d4 exd4 11. Nxd4 Nxd4 12. cxd4 f5 13. Bb3+ Kh8 14. e5 dxe5 15. dxe5 Nd7 16. Nf3 Nc5 17. Qxd8 Rxd8 18. Bc2 a5 19. Be3 Be6 20. Rfc1 b6 21. Ng5 Bxg5 22. Bxg5 Rd5 23. Bd1 Rc8 24. Bf3 Ne4 25. Bf4 c5 26. h4 h6 27. h5 b5 28. Be2 c4 29. f3 Nc5 30. Rd1 Rcd8 31. Rxd5 Bxd5 32. Rd1 a4 33. Bd2 Be6 34. a3 Kg8 35. Bc3 Nd3 36. g3 f4 37. gxf4 Kf7 38. Bxd3 Rxd3 39. Rxd3 cxd3 40. Kf2 Bf5 41. Ke3 Ke6 42. Kd4 g6 43. hxg6 Bxg6 1/2-1/2

[Event "Deloitte NED-ch 2019"]
[Site "Amsterdam"]
[Date "2019.07.07"]
[Round "7.1"]
[White "Van Foreest, Lucas"]
[Black "Van den Doel, Erik"]
[Result "1-0"]
[ECO "B13"]
[WhiteElo "2521"]
[BlackElo "2605"]
[Annotator "RC"]
[PlyCount "83"]
[EventDate "2019.07.01"]
[EventType "tourn"]
[EventCountry "NED"]
[SourceTitle "playchess.com"]
[Source "ChessBase"]
[SourceQuality "1"]
[TimeControl "40/5400+30:1800+30"]

1. e4 c6 2. d4 d5 3. exd5 cxd5 4. Bd3 Nc6 5. c3 Qc7 6. Ne2 e6 7. Bf4 Bd6 8. Bxd6 Qxd6 9. O-O Nge7 10. Nd2 O-O 11. f4 Bd7 12. Nf3 f6 13. Qc2 Nf5 14. g4 Ne3 15. Bxh7+ Kh8 16. Qd3 Nxg4 17. Nh4 Ne7 18. Ng6+ Nxg6 19. Bxg6 Nh6 20. Kh1 Be8 21. Rg1 Qe7 22. Rae1 f5 23. Qh3 Rf6 24. Bxe8 Rxe8 25. Ng3 Kh7 26. Nh5 Rf7 27. Qg3 Kh8 28. h3 Ng8 29. Qg6 Nf6 30. Re2 Nxh5 31. Qxh5+ Kg8 32. Rg6 Qd6 33. Qh6 Qa6 34. Reg2 Qf1+ 35. Kh2 Ree7 36. Qh4 Qf3 37. R6g5 Rd7 38. Rh5 Rf8 39. Rh8+ Kf7 40. Rxg7+ Ke8 41. Rxf8+ Kxf8 42. Qh8# 1-0

[Event "Deloitte NED-ch 2019"]
[Site "Amsterdam"]
[Date "2019.07.07"]
[Round "7.2"]
[White "Van Foreest, Jorden"]
[Black "Tiviakov, Sergei"]
[Result "1/2-1/2"]
[ECO "E17"]
[WhiteElo "2612"]
[BlackElo "2608"]
[Annotator "RC"]
[PlyCount "54"]
[EventDate "2019.07.01"]
[EventType "tourn"]
[EventCountry "NED"]
[SourceTitle "playchess.com"]
[Source "ChessBase"]
[SourceQuality "1"]
[TimeControl "40/5400+30:1800+30"]

1. d4 Nf6 2. c4 e6 3. Nf3 b6 4. g3 Bb7 5. Bg2 Be7 6. O-O O-O 7. d5 exd5 8. Nh4 c6 9. cxd5 Nxd5 10. Nf5 Nc7 11. Nc3 Ne6 12. e4 d6 13. Qd2 Qd7 14. Rd1 Rd8 15. b3 Na6 16. Bb2 Nac7 17. h4 Ne8 18. Ne2 Bf8 19. h5 f6 20. Nf4 Nxf4 21. Qxf4 Qf7 22. Qg4 Kh8 23. Rac1 c5 24. Nh4 Bc8 25. Qe2 Bb7 26. Qg4 Bc8 27. Qe2 Bb7 1/2-1/2

[Event "Deloitte NED-ch 2019"]
[Site "Amsterdam"]
[Date "2019.07.07"]
[Round "7.4"]
[White "Sokolov, Ivan"]
[Black "Bok, Benjamin"]
[Result "1-0"]
[ECO "E04"]
[WhiteElo "2584"]
[BlackElo "2645"]
[Annotator "RC"]
[PlyCount "65"]
[EventDate "2019.07.01"]
[EventType "tourn"]
[EventCountry "NED"]
[SourceTitle "playchess.com"]
[Source "ChessBase"]
[SourceQuality "1"]
[TimeControl "40/5400+30:1800+30"]

1. d4 d5 2. c4 e6 3. Nf3 Nf6 4. Nc3 c6 5. g3 dxc4 6. Ne5 b5 7. Bg2 a6 8. O-O Bb7 9. b3 b4 10. Ne4 Nxe4 11. Bxe4 c3 12. a3 a5 13. Qd3 Be7 14. axb4 Bxb4 15. Ba3 Ba6 16. Qe3 Qb6 17. Bxb4 axb4 18. Nc4 Bxc4 19. Rxa8 Bd5 20. Bc2 O-O 21. Rfa1 g6 22. Qf4 c5 23. dxc5 Qb5 24. Bd3 Qe8 25. R8a7 Nc6 26. Bb5 Qd8 27. Bxc6 Bxc6 28. Qxb4 c2 29. Re1 Qd1 30. Ra1 Rd8 31. Qc3 Rd2 32. f3 Bxf3 33. exf3 1-0

[Event "Deloitte NED-ch 2019"]
[Site "Amsterdam"]
[Date "2019.07.07"]
[Round "7.7"]
[White "Werle, Jan"]
[Black "L'Ami, Erwin"]
[Result "1/2-1/2"]
[ECO "D73"]
[WhiteElo "2555"]
[BlackElo "2633"]
[Annotator "RC"]
[PlyCount "62"]
[EventDate "2019.07.01"]
[EventType "tourn"]
[EventCountry "NED"]
[SourceTitle "playchess.com"]
[Source "ChessBase"]
[SourceQuality "1"]
[TimeControl "40/5400+30:1800+30"]

1. Nf3 d5 2. g3 g6 3. c4 c6 4. Bg2 Bg7 5. d4 Nf6 6. O-O dxc4 7. Ne5 Ng4 8. Nxg4 Bxg4 9. h3 Be6 10. e3 Nd7 11. Qe2 O-O 12. Rd1 f5 13. Nd2 Nb6 14. b3 cxb3 15. Nxb3 Bd5 16. Rb1 Bxg2 17. Kxg2 Qd5+ 18. Qf3 Nc4 19. Nd2 Nxd2 20. Rxd2 b6 21. Ba3 Kf7 22. Rc2 Rfc8 23. Rbc1 Qxf3+ 24. Kxf3 c5 25. dxc5 b5 26. c6 a5 27. Bb2 Bxb2 28. Rxb2 b4 29. a3 Ra6 30. axb4 axb4 31. Rxb4 Raxc6 {[%emt 0:00:02] Ke4} 1/2-1/2